 Dungeon Crawl Stone Soup version 0.21-a0-630-g344d3514eb (webtiles) character file.

33 4tharraofdagon the Firebug (level 3, 1/28 HPs)
             Began as a Naga Fire Elementalist on Dec 26, 2017.
             Quit the game on level 4 of the Dungeon.
             The game lasted 00:01:38 (206 turns).

4tharraofdagon the Firebug (Naga Fire Elementalist)  Turns: 206, Time: 00:01:38

Health: 1/28       AC:  2    Str: 10    XL:     3   Next: 29%
Magic:  1/6        EV: 10    Int: 16    God:
Gold:   10         SH:  0    Dex: 11    Spells: 2/6 levels left

rFire    . . .     SeeInvis +   e - +0 halberd
rCold    . . .     Gourm    .   (shield currently unavailable)
rNeg     . . .     Faith    .   a - +0 robe
rPois    +         Spirit   .   (no helmet)
rElec    .         Reflect  .   (no cloak)
rCorr    .         Harm     .   (no gloves)
MR       .....                  (no barding)
Stlth    ++........             (no amulet)
HPRegen  0.09/turn              (no ring)
MPRegen  0.10/turn              (no ring)

@: lethally poisoned (1 -> -8), about to teleport, short of breath, very
slightly contaminated, very slow
A: large, see invisible, deformed body, poison resistance, slowness 2, slow
metabolism 1, spit poison 1, AC +1
a: Spit Poison


You were on level 4 of the Dungeon.
You were not hungry.

You visited 1 branch of the dungeon, and saw 4 of its levels.

You collected 10 gold pieces.

Inventory:

Hand Weapons
 e - a +0 halberd (weapon)
Armour
 a - a +0 robe (worn)
Books
 b - a book of Flames

   Spells                             Type                      Level
   a - Flame Tongue                   Conjuration/Fire             1
   b - Throw Flame                    Conjuration/Fire             2
   c - Conjure Flame                  Conjuration/Fire             3
   d - Inner Flame                    Hexes/Fire                   3
   e - Sticky Flame                   Conjuration/Fire             4
   f - Fireball                       Conjuration/Fire             5
Comestibles
 c - a ration


   Skills:
 - Level 1.5 Dodging
 - Level 3.0 Stealth
 + Level 2.3 Spellcasting
 * Level 2.0 Conjurations
 * Level 3.5 Fire Magic


You had 2 spell levels left.
You knew the following spells:

 Your Spells              Type           Power        Failure   Level  Hunger
a - Flame Tongue          Conj/Fire      ##...        6%          1    #......
b - Conjure Flame         Conj/Fire      ##......     19%         3    ###....


Dungeon Overview and Level Annotations

Branches:
Dungeon (4/15)
 Temple: D:4-7

Altars:
Elyvilon


Innate Abilities, Weirdness & Mutations

You cannot wear boots.
Your serpentine skin is tough. (AC +1)
You have supernaturally acute eyesight. (SInv)
Armour fits poorly on your strangely shaped body.
Your system is resistant to poisons. (rPois)
You cover ground very slowly.
You have a slow metabolism.
You can spit poison.


Message History

You have got your breath back.
The scorpion barely misses you.
Unknown command.
Press: ? - help, Shift-Dir - straight line, f/p - scorpion
Aim: a scorpion The splash of poison misses the scorpion.
You feel slightly more hungry. The scorpion stings you.
* * * LOW HITPOINT WARNING * * *
You are lethally poisoned!
The scorpion poisons you!
Unknown command.
You aren't carrying any potions.
Okay, then.
As you read the scroll labeled PIPHEU XEMUZEU, it crumbles to dust.
You feel strangely unstable.
It was a scroll of teleportation.
* * * LOW HITPOINT WARNING * * *
You feel sick.
The scorpion stings you but does no damage.
Unknown command.
Are you sure you want to abandon this character and quit the game? (Confirm with "yes".)

..... ..... ...
... #.# #.#
######.########
#.....s@.......
#....)....##+##
#...<....##
...........##
####......##
#.....##
#####.# #.+ ###


You could see a scorpion.

Vanquished Creatures
  2 gnolls
  A leopard gecko (D:1)
  A bat (D:1)
  A goblin (D:1)
  4 hobgoblins
  2 frilled lizards (D:1)
  2 kobolds (D:1)
  A rat (D:1)
14 creatures vanquished.

Notes
Turn   | Place    | Note
-------+----------+-------------------------------------------
     0 | D:1      | 4tharraofdagon the Naga Fire Elementalist began the quest for the Orb.
     0 | D:1      | Reached XP level 1. HP: 15/15 MP: 3/3
    88 | D:1      | Reached XP level 2. HP: 22/22 MP: 0/5
   160 | D:3      | Reached XP level 3. HP: 17/28 MP: 2/6
   175 | D:3      | Learned a level 3 spell: Conjure Flame
   176 | D:3      | Found a white marble altar of Elyvilon.
   192 | D:4      | Noticed a scorpion
   205 | D:4      | HP: 1/28 [poisoned by a scorpion]
   206 | D:4      | Quit the game

Vault maps used:
D:1:      zaba_arrival_water, corexii_item_surrounded_by_moat, dk_noncrumbling_2
D:2:      lemuel_crystal_altar, first_ration, okawaru_gym_becter,
          uniq_crazy_yiuf_cottage, uniq_robin, uniq_terence
D:3:      tgw_trog, nicolae_overflow_crystal_walls, nemelex_lonely_heart_becter
D:4:      dancing_weapons_uskayaw, kennysheep_mini_moat, dk_noncrumbling_4,
          uniq_menkaure

Skill      XL: |  1  2  3 |
---------------+----------+-----
Conjurations   | 2 |  2.0
Dodging        | |  1.5
Stealth        | |  3.0
Spellcasting   | |  2.3
Fire Magic     | |  3.5

Action                   || total
-------------------------++-------
Melee: Unarmed           ||     4
 Cast: Flame Tongue      ||    15
 Abil: Spit Poison       ||    15
  Use: Scroll            ||     1
Armor: Robe              ||     3
Dodge: Dodged            ||     9

Table legend:
 A = Spawn XP
 B = Non-spawn XP
 C = Spawn XP percentage of total XP
 D = Spawn monster count
 E = Non-spawn monster count
 F = Spawn count percentage of total count
 G = Total turns spent on level
                    A         B        C        D         E        F      G
               +---------+---------+-------+---------+---------+-------+---------
         Total |       0 |      48 |   0.0 |       0 |      14 |   0.0 |   206
               +---------+---------+-------+---------+---------+-------+---------
           D:1 |       0 |      18 |   0.0 |       0 |      11 |   0.0 |   144
           D:3 |       0 |      16 |   0.0 |       0 |       2 |   0.0 |    41
           D:4 |       0 |      14 |   0.0 |       0 |       1 |   0.0 |    14
               +---------+---------+-------+---------+---------+-------+---------

Vault maps used:
D:1:      zaba_arrival_water, corexii_item_surrounded_by_moat, dk_noncrumbling_2
D:2:      lemuel_crystal_altar, first_ration, okawaru_gym_becter,
          uniq_crazy_yiuf_cottage, uniq_robin, uniq_terence
D:3:      tgw_trog, nicolae_overflow_crystal_walls, nemelex_lonely_heart_becter
D:4:      dancing_weapons_uskayaw, kennysheep_mini_moat, dk_noncrumbling_4,
          uniq_menkaure
